 Dungeon Sprint DCSS version 0.28.0-53-g5a82cb258f (webtiles) character file.

Game seed: 11405514379608406290

2176 Groucho the Unseen (level 9, -9/46 HPs)
             Began as a Spriggan Enchanter on June 6, 2022.
             Was a Believer of Uskayaw.
             Mangled by a blink frog (10 damage)
             ... in the Dungeon (Sprint VII: "The Pits").
             The game lasted 00:08:58 (2740 turns).

Groucho the Unseen (Spriggan Enchanter)             Turns: 2740, Time: 00:08:58

Health: -9/46      AC:  2    Str: 11    XL:     9   Next: 11%
Magic:  7/23       EV: 23    Int: 19    God:    Uskayaw [**....]
Gold:   0          SH:  0    Dex: 16    Spells: 15/26 levels left

rFire   + . .      SeeInvis +   a - +2 dagger
rCold   + . .      Faith    .   (no shield)
rNeg    . . .      Spirit   .   b - +0 robe
rPois   +          Reflect  .   (helmet restricted)
rElec   +          Harm     .   (no cloak)
rCorr   +          Rampage  .   (gloves unavailable)
Will    +....      NoTele   +   (boots unavailable)
Stlth   ++++++....              (no amulet)
HPRegen 0.15/turn               n - +3 ring of intelligence
MPRegen 0.18/turn               o - +3 ring of strength

@: resistant, very quick
A: very small, no large weapons, unfitting armour, see invisible, speed 3
a: Renounce Religion, Stomp, Line Pass


You were in the Dungeon.
You worshipped Uskayaw.
Uskayaw was noncommittal.
You visited 1 branch

Inventory:

Hand Weapons
 a - a +2 dagger (weapon)
 m - a +0 dagger
 s - a +2 rapier of venom
Missiles
 f - 7 poisoned darts
 l - 8 stones (quivered)
Armour
 b - a +0 robe (worn)
Jewellery
 n - a +3 ring of intelligence (left hand)
 o - a +3 ring of strength (right hand)
Scrolls
 i - a scroll of blinking
 j - 5 scrolls of amnesia
 k - a scroll of summoning
Potions
 c - a potion of invisibility
 d - 6 potions of curing
 e - 4 potions of heal wounds
 g - 4 potions of magic
 h - 3 potions of berserk rage
 p - a potion of brilliance
 q - 3 potions of haste


   Skills:
 + Level 4.9 Fighting
 * Level 7.1 Short Blades
 + Level 10.5 Dodging
 + Level 15.8 Stealth
 + Level 9.1 Spellcasting
 + Level 2.5 Conjurations
 * Level 11.9 Hexes
 + Level 5.9 Invocations


You had 15 spell levels left.
You knew the following spells:

 Your Spells              Type           Power      Damage    Failure   Level
a - Ensorcelled Hibernat  Hex/Ice        62%        N/A       1%          2
b - Confusing Touch       Hex            52%        N/A       1%          3
c - Dazzling Flash        Conj/Hex       72%        N/A       1%          3
d - Tukima's Dance        Hex            52%        N/A       1%          3

Your spell library contained the following spells:

 Spells                   Type           Power      Damage    Failure   Level


Dungeon Overview and Level Annotations

Branches:
Dungeon (1/1)

Altars:
Ashenzari
Cheibriados
Dithmenos
Elyvilon
Fedhas
Gozag
Hepliaklqana
Kikubaaqudgha
Makhleb
Nemelex Xobeh
Okawaru
Qazlal
Ru
Sif Muna
Trog
Uskayaw
Vehumet
Wu Jian
Xom
Yredelemnul
Zin
The Shining One
Beogh
Jiyva
Lugonu


Innate Abilities, Weirdness & Mutations

You are very small and have problems with some larger weapons.
You are too small for most types of armour.
You have supernaturally acute eyesight. (SInv)
You cover ground extremely quickly. (Speed+++)


Message History

Your base attributes are Str 6, Int 16, Dex 16.
Increase (S)trength, (I)ntelligence, or (D)exterity?
You feel stronger. x2
Casting: Ensorcelled Hibernation (safe; 1% risk of failure)
Confirm with . or Enter, or press ? or * to list all spells.
Aiming: Ensorcelled Hibernation (safe; 1% risk of failure)
Press: ? - help, Shift-Dir - straight line, f - blink frog
Aim: a blink frog (chance to affect: 42%)
The blink frog resists with some effort.
The blink frog hits you!
* * * LOW HITPOINT WARNING * * *
The blink frog blinks!
The blink frog completely misses you.
Casting: Ensorcelled Hibernation (safe; 1% risk of failure)
Confirm with . or Enter, or press ? or * to list all spells.
Aiming: Ensorcelled Hibernation (safe; 1% risk of failure)
Press: ? - help, Shift-Dir - straight line, f/p - blink frog
Aim: a blink frog (chance to affect: 42%)
The blink frog resists with some effort.
The blink frog barely misses you.
Casting: Ensorcelled Hibernation (safe; 1% risk of failure)
Confirm with . or Enter, or press ? or * to list all spells.
Aiming: Ensorcelled Hibernation (safe; 1% risk of failure)
Press: ? - help, Shift-Dir - straight line, f/p - blink frog
Aim: a blink frog (chance to affect: 42%)
The blink frog looks drowsy...
The helpless blink frog fails to defend itself.
You stick the blink frog like a pincushion!!!!
You kill the blink frog!
Your Short Blades skill increases to level 7!
Casting: Ensorcelled Hibernation (safe; 1% risk of failure)
Confirm with . or Enter, or press ? or * to list all spells.
Aiming: Ensorcelled Hibernation (safe; 1% risk of failure)
Press: ? - help, Shift-Dir - straight line, f - blink frog
Aim: a blink frog (chance to affect: 43%)
The blink frog resists with some effort.
The blink frog hits you!
* * * LOW HITPOINT WARNING * * *
You feel protected. The blink frog completely misses you.
The blink frog hits you!
You die...

############ #_________.#
#_________.#
#_______...###########++####
##########'##...............
#.?..')))'.##......#..#.....
##########)##...............
#))........@F.......F.......
#'#####'#####......#..#.....
#.#(.#...'.##...............
#.#..#...#.#####'#####§'####
#.#..#####.##.......# ''#
#.#..'..)#.##.......# ....
#.#..'÷..'.##.......# FF(..
#.#..########...<...# ...(.#
#.#..'[))).##.......# F.(###


You could see a blink frog.

Vanquished Creatures
  A deep elf pyromancer (D)
  A kobold demonologist (D)
  2 blink frogs (D)
  Sigmund (D)
  A fire bat (D)
  2 kobold brigands (D)
  A bullfrog (D)
  A scorpion (D)
  5 killer bees (D)
  A crimson imp (D)
  A hound (D)
  A quasit (D)
  3 orc priests (D)
  An iguana (D)
  An orc wizard (D)
  A gnoll (D)
  2 river rats (D)
  2 ufetubi (D)
  An adder skeleton (D)
  A worm (D)
  3 orcs (D)
  A giant cockroach (D)
  2 kobolds (D)
  2 ball pythons (D)
  A frilled lizard (D)
39 creatures vanquished.

Vanquished Creatures (others)
  A killer bee (D)
  An orc wizard (D)
2 creatures vanquished.

Grand Total: 41 creatures vanquished

Notes
Turn   | Place    | Note
-------+----------+-------------------------------------------
     0 | D        | Groucho the Spriggan Enchanter began the quest for the Orb.
     0 | D        | Reached XP level 1. HP: 9/9 MP: 5/5
    15 | D        | Reached skill level 6 in Stealth
    15 | D        | Reached XP level 2. HP: 13/13 MP: 5/7
   165 | D        | Learned a level 2 spell: Ensorcelled Hibernation
   196 | D        | Found a bloodstained altar of Trog.
   196 | D        | Found a shimmering blue altar of Sif Muna.
   196 | D        | Found a viscous altar of Jiyva.
   196 | D        | Found a hazy altar of Hepliaklqana.
   196 | D        | Found an opulent altar of Gozag.
   197 | D        | Found a glowing golden altar of the Shining One.
   197 | D        | Found a glowing silver altar of Zin.
   197 | D        | Found a basalt altar of Yredelemnul.
   197 | D        | Found a shimmering altar of Xom.
   197 | D        | Found an ornate altar of the Wu Jian Council.
   197 | D        | Found a sacrificial altar of Ru.
   197 | D        | Found a stormy altar of Qazlal.
   197 | D        | Found an iron altar of Okawaru.
   197 | D        | Found a sparkling altar of Nemelex Xobeh.
   197 | D        | Found a burning altar of Makhleb.
   197 | D        | Found a blossoming altar of Fedhas.
   197 | D        | Found a white marble altar of Elyvilon.
   197 | D        | Found a shadowy altar of Dithmenos.
   197 | D        | Found a snail-covered altar of Cheibriados.
   199 | D        | Found a radiant altar of Vehumet.
   199 | D        | Found a corrupted altar of Lugonu.
   200 | D        | Found a hide-covered altar of Uskayaw.
   200 | D        | Found an ancient bone altar of Kikubaaqudgha.
   200 | D        | Found a broken altar of Ashenzari.
   208 | D        | Became a worshipper of Uskayaw the Reveller
   227 | D        | Noticed a scorpion
   235 | D        | Killed a scorpion
   235 | D        | Reached * piety under Uskayaw
   236 | D        | Reached skill level 9 in Stealth
   236 | D        | Reached skill level 5 in Spellcasting
   236 | D        | Reached skill level 5 in Hexes
   236 | D        | Reached XP level 3. HP: 5/16 MP: 5/10
   239 | D        | Reached XP level 4. HP: 7/21 MP: 1/12
   556 | D        | Reached skill level 10 in Stealth
   943 | D        | HP: 1/21 [ufetubus (5)]
   957 | D        | Reached ** piety under Uskayaw
   958 | D        | Reached skill level 1 in Invocations
  1010 | D        | Reached skill level 1 in Fighting
  1014 | D        | Reached XP level 5. HP: 22/25 MP: 14/14
  1014 | D        | Reached *** piety under Uskayaw
  1015 | D        | Reached skill level 5 in Dodging
  1015 | D        | Reached skill level 11 in Stealth
  1015 | D        | Reached **** piety under Uskayaw
  1034 | D        | Learned a level 3 spell: Confusing Touch
  1449 | D        | Reached XP level 6. HP: 25/30 MP: 4/16
  1454 | D        | Reached skill level 12 in Stealth
  1726 | D        | Noticed a deep elf pyromancer
  1728 | D        | Killed a deep elf pyromancer
  1729 | D        | Reached skill level 5 in Short Blades
  1729 | D        | Reached skill level 13 in Stealth
  1729 | D        | Reached XP level 7. HP: 36/36 MP: 15/19
  1730 | D        | Noticed Sigmund
  1741 | D        | Reached skill level 14 in Stealth
  1741 | D        | Reached skill level 10 in Hexes
  1964 | D        | Learned a level 3 spell: Dazzling Flash
  1968 | D        | Learned a level 3 spell: Tukima's Dance
  2091 | D        | Killed Sigmund
  2092 | D        | Reached XP level 8. HP: 40/42 MP: 13/21
  2337 | D        | Noticed a kobold demonologist
  2345 | D        | Reached skill level 1 in Conjurations
  2364 | D        | Reached skill level 5 in Invocations
  2379 | D        | Killed a kobold demonologist
  2380 | D        | Reached skill level 10 in Dodging
  2380 | D        | Reached skill level 15 in Stealth
  2383 | D        | Reached ***** piety under Uskayaw
  2703 | D        | Noticed a blink frog
  2703 | D        | Noticed a blink frog
  2713 | D        | Noticed a blink frog
  2734 | D        | Killed a blink frog
  2735 | D        | Reached XP level 9. HP: 25/46 MP: 14/23
  2739 | D        | HP: 1/46 [blink frog (12)]
  2740 | D        | Mangled by a blink frog

Illustrated notes

Levels and vault maps discovered:
D:        pitsprint [storerooms_1, entrance_room_1, metal_vault_4, armoury_2,
          mini_pit_1, grid_room_1, main_hall_1, silver_pit, the_coven_1,
          the_vestibule_1, steel_vault_2, golden_pit, hallway_of_sentries,
          crystal_vault_5, iron_vault_2, final_vault]

Skill      XL: |  1  2  3  4  5  6  7  8  9 |
---------------+----------------------------+-----
Stealth        | 6 9 10 11 13 14 15 | 15.8
Spellcasting   | 3 5 6 7 8 9 |  9.1
Hexes          | 4 5 6 7 9 10 11 | 11.9
Dodging        | 4 6 9 10 | 10.5
Invocations    | 1 2 4 5 |  5.9
Fighting       | 1 2 3 4 |  4.9
Short Blades   | 2 3 5 6 7 |  7.1
Conjurations   | 2 |  2.5

Action                   |  1- 3 |  4- 6 |  7- 9 || total
-------------------------+-------+-------+-------++-------
Melee: Dagger            |     6 |    41 |    48 ||    95
Throw: Stone             |       |     2 |     4 ||     6
 Cast: Ensorcelled Hiber |     2 |    21 |    22 ||    45
Invok: Line Pass         |       |       |     3 ||     3
  Use: Potion            |     1 |     3 |     6 ||    10
 Stab: Sleeping          |     2 |    13 |     7 ||    22
       Invisible         |       |     3 |     5 ||     8
       Paralysed         |       |     1 |     3 ||     4
       Confused          |       |       |     1 ||     1
Armor: Robe              |       |     1 |     5 ||     6
Dodge: Dodged            |     4 |    43 |   175 ||   222
